 Dungeon Crawl Stone Soup version 0.30-a0-358-g0d69a1922f (webtiles) character file.

Game seed: 8529105918734852535

9 MachoJfn the Poker (level 2, -2/20 (24) HPs)
             Began as a Meteoran Reaver on Nov 10, 2022.
             Slain by a quokka (3 damage)
             ... on level 2 of the Dungeon.
             The game lasted 00:08:52 (508 turns).

MachoJfn the Poker (Meteoran Reaver)                 Turns: 508, Time: 00:08:52

HP:   -2/20 (24)    AC:  6    Str: 13    XL:     2   Next: 41%
MP:   6/6           EV: 12    Int: 14    God:
Gold: 28            SH:  0    Dex: 12    Spells: 5/6 levels left

rFire   + . .      SeeInvis .    a - +0 spear
rCold   . . .      Faith    .    (no shield)
rNeg    . . .      Spirit   .    b - +0 leather armour
rPois   .          Reflect  .    (no helmet)
rElec   .          Harm     .    (no cloak)
rCorr   .          Rampage  .    (no gloves)
Will    .....                    m - +2 pair of boots
Stlth   +.........               (no amulet)
HPRegen 0.23/turn                i - ring of protection from fire
MPRegen 0.10/turn                (no ring)

@: glowing, heavily drained
A: sense surroundings 1, otherworldly, glowing, explore regen
a: no special abilities


You were on level 2 of the Dungeon.
You visited 1 branch of the dungeon, and saw 2 of its levels.

You collected 28 gold pieces.

Inventory:

Hand Weapons
 a - a +0 spear (weapon)
Missiles
 c - 2 javelins
 f - 3 boomerangs
Armour
 b - a +0 leather armour (worn)
 m - a +2 pair of boots (worn)
Jewellery
 i - a ring of protection from fire (left hand)
Scrolls
 j - a scroll of immolation
Potions
 k - a potion of attraction {unknown}


   Skills:
 + Level 2.2 Fighting
 + Level 4.0 Polearms
 + Level 2.4 Dodging
 + Level 2.7 Spellcasting
 + Level 3.9 Conjurations


You had 5 spell levels left.
You knew the following spells:

 Your Spells              Type           Power      Damage    Failure   Level
a - Kiss of Death         Conj/Necr      28%        2d7       12%         1

Your spell library contained the following spells:

 Spells                   Type           Power      Damage    Failure   Level
 Momentum Strike          Conj/Tloc      14%        3d8       19%         2
 Hailstorm                Conj/Ice       7%         3d4       36%         3
 Mephitic Cloud           Conj/Pois/Air  5%         N/A       43%         3
 Frozen Ramparts          Ice            2%         1d1       63%         3
 Alistair's Intoxication  Tmut/Pois      0%         N/A       100%        5
 Simulacrum               Ice/Necr       0%         N/A       100%        6


Dungeon Overview and Level Annotations

Branches:
Dungeon (2/15) Zot: 694

Altars:

Shops:
D:1 =


Innate Abilities, Weirdness & Mutations

You passively map a small area around you.
You are easily found by Zot.
You glow in the dark.
You regain HP and MP as you explore.


Message History

The adder closely misses you. The quokka closely misses you.
The adder bites you but does no damage. The frilled lizard closely misses you.
The dart slug misses your butterfly.
You barely miss the adder.
The adder is severely wounded.
The adder barely misses you. x2; The quokka barely misses you.
The frilled lizard bites you but does no damage.
The adder barely misses you.
You closely miss the adder.
The adder is severely wounded.
Your butterfly disappears in a burst of colours!
The adder bites you.
* * * LOW HITPOINT WARNING * * *
The quokka bites you but does no damage.
The dart slug bites your butterfly.
Your butterfly dies!
Your butterfly disappears in a burst of colours!
The adder bites you but does no damage. x2
You barely miss the adder.
The adder is severely wounded.
The quokka bites you.
* * * LOW HITPOINT WARNING * * *
The frilled lizard bites you but does no damage.
The adder bites you but does no damage. The adder bites you.
* * * LOW HITPOINT WARNING * * *
The quokka bites you.
* * * LOW HITPOINT WARNING * * *
You swap places.
Your butterfly disappears in a burst of colours!
The frilled lizard closely misses your butterfly.
The adder bites you.
* * * LOW HITPOINT WARNING * * *
The adder bites your butterfly.
Your butterfly dies!
Your butterfly disappears in a burst of colours!
The dart slug misses your butterfly.
The quokka bites you but does no damage.
Your butterfly disappears in a burst of colours! x2
The quokka bites you.
You die...

*,, ######### *,* #....b..#
************,* #...b...#
*,,,,,,,,,**,* #.....bb#
*,,,,,,,,,**,* #..b...b#
*,,,,,,,,,,,,* *** #b.....b#
*,,,,,,,,,,,,*
,,**###...###########*******,,,,*
,,+,,,+...b...lS@...# *,,,,,
,,****#bb.#.b.Sr.$..#** *,,,,,
,,** #...#..bbb......# ***,,,
,,,* *#####...bw...##.# *,,,
,,,***,,,*#.b.b....#*,#*******,,,
,,,,,,,,,+....b.b..+,,,,,,,,,,,,,
******,,,##..b.....#,,*********,,
*,,,*#.........,,,,,,** *,*
*,,,*#.........,****,,** *,*


You could see 2 adders, a dart slug, a quokka and a frilled lizard.

Vanquished Creatures
  A dart slug (D:1)
  2 ball pythons (D:1)
  An endoplasm (D:1)
  A goblin (D:1)
  3 rats (D:1)
8 creatures vanquished.

Notes
Turn   | Place    | Note
-------+----------+-------------------------------------------
     0 | D:1      | MachoJfn the Meteoran Reaver began the quest for the Orb.
     0 | D:1      | Reached XP level 1. HP: 17/17 MP: 5/5
    30 | D:1      | Found Hacwy's Jewellery Emporium.
   184 | D:1      | Reached skill level 4 in Polearms
   184 | D:1      | Reached XP level 2. HP: 19/19 MP: 6/6
   473 | D:2      | Identified a scroll of acquirement
   473 | D:2      | Acquired the Meditations on Chilled Poisoning
   506 | D:2      | HP: 1/20 [quokka (1)]
   508 | D:2      | Slain by a quokka

Illustrated notes

Levels and vault maps discovered:
D:1:      tarquinn_simple_flora_water_d, layout_basic, serial_shops,
          nicolae_shop_advertising_works [nicolae_subvault_shop_adworks]
D:2:      layout_basic, basic_altar

Skill      XL: |  1 |
---------------+----+-----
Polearms       | 4 |  4.0
Fighting       | |  2.2
Dodging        | |  2.4
Spellcasting   | |  2.7
Conjurations   | |  3.9

Action                   || total
-------------------------++-------
Melee: Spear             ||    30
       Punch             ||     2
 Cast: Kiss of Death     ||     2
  Use: Scroll            ||     5
Armor: Leather armour    ||    19
Dodge: Dodged            ||    33

Table legend: (Time is in decaauts)
 A = Elapsed time spent in this place.
 B = Non-inter-level travel time spent in this place.
 C = Inter-level travel time spent in this place.
 D = Time resting spent in this place.
 E = Time spent auto-exploring this place.
 F = Levels seen in this place.
 G = Mean time per level.
                   A        B        C        D        E       F      G
               +--------+--------+--------+--------+--------+-----+--------+
         Total |    504 |    102 |    402 |      0 |      0 |   2 |  252.0 |
       Dungeon |    504 |    102 |    402 |      0 |      0 |   2 |  252.0 |
               +--------+--------+--------+--------+--------+-----+--------+

Top non-repeatable levels by time:
     D:1: 456 daAuts
     D:2: 47 daAuts
